Vegas Golden Knights vs Winnipeg Jets
Created - Sunday, March 23, 2025 at 11:18
Goals
|
| Vegas Golden Knights |
2 |
0 |
0 |
2 |
| Winnipeg Jets |
1 |
1 |
3 |
5 |
|
Shots
|
| Vegas Golden Knights |
14 |
10 |
6 |
30 |
| Winnipeg Jets |
9 |
9 |
19 |
37 |
|
1st period
1. Winnipeg Jets , Jason Zucker 7 (Connor Bedard 22, Joel Armia 11) at 4:36
2. Vegas Golden Knights , Auston Matthews 30 (Shea Theodore 12, Roman Josi 19) at 10:15
3. Vegas Golden Knights , Auston Matthews 31 (Bryan Rust 28) at 19:54
Penalties :
No Penalty
2nd period
4. Winnipeg Jets , Barclay Goodrow 2 (Nate Schmidt 16, Jason Zucker 9) at 5:08
Penalties :
Thomas Chabot (VGK) for Delaying the game (Minor) at 0:55, Barclay Goodrow (WPG) for Tripping (Minor) at 18:36
3rd period
5. Winnipeg Jets , Barclay Goodrow 3 (Alexis Lafreniere 16, Adam Lowry 4) at 0:45
6. Winnipeg Jets , Nate Schmidt 4 (Mason Appleton 12, Connor Bedard 23) at 5:08 (PP)
7. Winnipeg Jets , Connor Bedard 15 (Mason Appleton 13, Oliver Ekman-Larsson 12) at 14:38
Penalties :
Bryan Rust (VGK) for Tripping (Minor) at 4:52, Marc-Edouard Vlasic (VGK) for Hooking (Minor) at 8:59, Denis Gurianov (VGK) for Tripping (Minor) at 14:51
Goalie Stats
Semyon Varlamov (VGK), 32 saves from 37 shots - (0.865), L, 20-5-1, 60:00 minutes
Ukko-Pekka Luukkonen (WPG), 28 saves from 30 shots - (0.933), W, 7-3-2, 60:00 minutes
Players Stats for Vegas Golden Knights
Player Name G A P +/- PIM S H SB GA TA FO MP PP MP PK MP
------------------------------------------------------------------------------------
Auston Matthews 2 0 2 0 0 4 1 0 1 1 15/20 16:09 1:03 0:00
Bryan Rust 0 1 1 0 2 6 4 0 0 0 0/0 16:08 1:03 0:00
Cole Smith 0 0 0 0 0 0 1 1 0 1 0/0 12:00 0:00 2:53
Denis Gurianov 0 0 0 -1 2 3 1 0 0 0 0/1 12:30 0:00 0:12
John Marino 0 0 0 0 0 3 0 1 0 0 0/0 20:01 1:08 3:11
Johnny Gaudreau 0 0 0 -1 0 0 0 1 0 0 0/0 16:09 0:56 0:00
Jordan Staal 0 0 0 -1 0 2 0 0 0 1 2/3 15:16 0:00 3:04
Marc-Edouard Vlasic 0 0 0 0 2 0 0 1 0 2 0/0 16:41 0:00 1:44
Matt Nieto 0 0 0 0 0 1 0 0 1 0 0/0 12:14 0:00 3:04
Pierre-edouard Bellemare 0 0 0 0 0 0 0 0 0 2 6/11 12:00 0:00 2:53
Reilly Smith 0 0 0 0 0 2 0 0 1 0 0/1 16:09 1:03 0:00
Roman Josi 0 1 1 -3 0 2 0 2 1 0 0/0 22:37 1:08 0:08
Ryan Graves 0 0 0 0 0 0 0 0 1 1 0/0 17:51 0:00 3:03
Sean Couturier 0 0 0 -1 0 1 2 0 1 1 7/11 13:26 0:51 0:16
Sean Monahan 0 0 0 -1 0 2 1 0 1 0 12/16 16:09 0:56 0:00
Shea Theodore 0 1 1 -2 0 1 2 0 0 1 0/0 24:21 0:51 2:21
Thomas Chabot 0 0 0 1 2 3 1 0 0 0 0/0 17:40 0:00 1:59
Tyler Toffoli 0 0 0 -1 0 0 3 0 0 1 0/0 16:22 0:56 0:04
Players Stats for Winnipeg Jets
Player Name G A P +/- PIM S H SB GA TA FO MP PP MP PK MP
------------------------------------------------------------------------------------
Adam Lowry 0 1 1 2 0 2 4 1 0 0 5/15 14:05 0:00 1:12
Alexis Lafreniere 0 1 1 1 0 5 0 1 0 0 0/2 19:07 2:58 1:12
Andre Burakovsky 0 0 0 0 0 4 1 0 2 0 0/1 9:29 0:00 0:00
Barclay Goodrow 2 0 2 2 2 4 0 1 2 0 0/0 12:52 0:00 0:00
Connor Bedard 1 2 3 0 0 1 2 0 1 1 8/22 18:41 3:15 0:47
Connor McDavid 0 0 0 0 0 4 2 0 1 0 7/17 18:32 2:58 0:47
Dylan Samberg 0 0 0 0 0 1 0 4 0 2 0/0 22:22 3:19 1:02
Haydn Fleury 0 0 0 -1 0 0 3 1 0 0 0/0 15:42 0:00 0:00
Jason Zucker 1 1 2 1 0 3 0 1 0 0 0/0 12:43 0:00 0:00
Joel Armia 0 1 1 0 0 0 0 0 1 2 0/0 17:54 3:15 0:00
Mason Appleton 0 2 2 0 0 4 2 0 2 0 0/1 17:54 3:15 0:00
Michael Kesselring 0 0 0 -1 0 0 1 2 0 0 0/0 15:42 0:00 0:00
Nate Schmidt 1 1 2 3 0 2 3 1 0 1 0/0 21:56 2:54 0:57
Oliver Ekman-Larsson 0 1 1 3 0 0 1 1 0 0 0/0 21:56 2:54 0:57
Olli Maatta 0 0 0 0 0 3 0 0 0 1 0/0 22:22 3:19 1:02
Ridly Greig 0 0 0 0 0 3 2 1 2 0 1/1 9:29 0:00 0:00
Taylor Hall 0 0 0 0 0 1 0 0 0 0 0/0 9:29 0:00 0:00
Vladislav Namestnikov 0 0 0 0 0 0 2 1 0 0 0/4 17:45 2:58 0:00
3 Stars
1 - Nate Schmidt (WPG)
2 - Connor Bedard (WPG)
3 - Barclay Goodrow (WPG)
Power Play
Vegas Golden Knights - 0 on 1 Attempt(s) - 0.00%
Winnipeg Jets - 1 on 4 Attempt(s) - 25.00%
Penalty Kill
Vegas Golden Knights - 3 on 4 Attempt(s) - 75.00%
- Score 0 goal in Penalty Kill
Winnipeg Jets - 1 on 1 Attempt(s) - 100.00%
- Score 0 goal in Penalty Kill
Team Stat
Vegas Golden Knights - Hits : 16 - Faceoff Wins : 42 - Blocked Shots : 6 - Penalty Minutes : 8
Winnipeg Jets - Hits : 23 - Faceoff Wins : 21 - Blocked Shots : 15 - Penalty Minutes : 2
Official
Referees : Cody Beach and Frederick L'Ecuyer
Linesman : Ryan Galloway and Bryan Pancich
Game Notes
6:56 of 3rd period - Winnipeg Jets goal is going for a video replay. After video review, No Goal. The puck has been kicked using a distinct kicking motion.
Finance
Level 1 -- Attendance: 6000 (100.00%) -- Ticket Income $552,000
Level 2 -- Attendance: 4354 (87.08%) -- Ticket Income $239,470
Level 3 -- Attendance: 2654 (88.47%) -- Ticket Income $79,620
Level 4 -- Attendance: 4302 (86.04%) -- Ticket Income $94,644
Luxury Box -- Attendance: 960 (96.00%) -- Ticket Income $182,400
Game was played at the MTS Centre.
Total Attendance: 18270 (91.35%)
Total Ticket Income: $1,148,134
Other Income: $401,847
Total Income: $1,549,981
Vegas Golden Knights
5 vs 5 Forward
Center Left Wing Right Wing Time % Phy DF OF
1 Auston Matthews Bryan Rust Reilly Smith 30 1 2 2
2 Sean Monahan Johnny Gaudreau Tyler Toffoli 30 1 2 2
3 Sean Couturier Jordan Staal Denis Gurianov 25 1 2 2
4 Pierre-edouard Bellemare Cole Smith Matt Nieto 15 1 2 2
5 vs 5 Defense
Defense Defense Time % Phy DF OF
1 Roman Josi Shea Theodore 30 1 2 2
2 Thomas Chabot John Marino 30 1 2 2
3 Marc-Edouard Vlasic Ryan Graves 25 1 2 2
4 Shea Theodore Roman Josi 15 1 2 2
PowerPlay Forward
Center Left Wing Right Wing Time % Phy DF OF
1 Auston Matthews Bryan Rust Reilly Smith 50 1 2 2
2 Sean Monahan Johnny Gaudreau Tyler Toffoli 50 1 2 2
PowerPlay Defense
Defense Defense Time % Phy DF OF
1 Sean Couturier Shea Theodore 50 1 2 2
2 John Marino Roman Josi 50 1 2 2
Penalty Kill 4 Players Forward
Center Wing Time % Phy DF OF
1 Jordan Staal Matt Nieto 50 1 2 2
2 Pierre-edouard Bellemare Cole Smith 50 1 2 2
Penalty Kill 4 Players Defense
Defense Defense Time % Phy DF OF
1 Marc-Edouard Vlasic Thomas Chabot 50 1 2 2
2 Ryan Graves John Marino 50 1 2 2
Penalty Kill - 3 Players Forward
Forward Time % Phy DF OF
1 Jordan Staal 50 1 2 2
2 Pierre-edouard Bellemare 50 1 2 2
Penalty Kill - 3 Players Defense
Defense Defense Time % Phy DF OF
1 Marc-Edouard Vlasic Thomas Chabot 50 1 2 2
2 Ryan Graves John Marino 50 1 2 2
4 vs 4 Forward
Center Wing Time % Phy DF OF
1 Auston Matthews Bryan Rust 50 1 2 2
2 Sean Monahan Tyler Toffoli 50 1 2 2
4 vs 4 Defense
Defense Defense Time % Phy DF OF
1 Roman Josi Shea Theodore 50 1 2 2
2 Thomas Chabot John Marino 50 1 2 2
Last Minutes Offensive
Center Left Wing Right Wing Defense Defense
Auston Matthews Bryan Rust Sean Monahan Roman Josi Shea Theodore
Last Minutes Defensive
Center Left Wing Right Wing Defense Defense
Jordan Staal Pierre-edouard Bellemare Matt Nieto Marc-Edouard Vlasic Thomas Chabot
Goaltenders
Starting : Semyon Varlamov
Backup : Cayden Primeau
Extra Forwards
Normal : Sean Monahan, Auston Matthews, Bryan Rust - PP : Jordan Staal, Matt Nieto - PK : Sean Couturier
Extra Defensemen
Normal : John Marino, Roman Josi, Shea Theodore - PP : John Marino - PK : Shea Theodore, Roman Josi
Penalty Shots
Auston Matthews, Bryan Rust, Sean Monahan, Tyler Toffoli, Sean Couturier
Scratches
Travis Hamonic (Healthy), Danton Heinen (Healthy)
Winnipeg Jets
5 vs 5 Forward
Center Left Wing Right Wing Time % Phy DF OF
1 Connor McDavid Alexis Lafreniere Vladislav Namestnikov 30 1 2 2
2 Connor Bedard Joel Armia Mason Appleton 30 1 2 2
3 Adam Lowry Barclay Goodrow Jason Zucker 25 1 2 2
4 Ridly Greig Taylor Hall Andre Burakovsky 15 1 2 2
5 vs 5 Defense
Defense Defense Time % Phy DF OF
1 Oliver Ekman-Larsson Nate Schmidt 35 1 2 2
2 Dylan Samberg Olli Maatta 35 1 2 2
3 Haydn Fleury Michael Kesselring 30 1 2 2
4 Oliver Ekman-Larsson Nate Schmidt 0 1 2 2
PowerPlay Forward
Center Left Wing Right Wing Time % Phy DF OF
1 Connor McDavid Alexis Lafreniere Vladislav Namestnikov 50 1 2 2
2 Connor Bedard Joel Armia Mason Appleton 50 1 2 2
PowerPlay Defense
Defense Defense Time % Phy DF OF
1 Oliver Ekman-Larsson Nate Schmidt 50 1 2 2
2 Dylan Samberg Olli Maatta 50 1 2 2
Penalty Kill 4 Players Forward
Center Wing Time % Phy DF OF
1 Connor McDavid Connor Bedard 50 1 2 2
2 Alexis Lafreniere Adam Lowry 50 1 2 2
Penalty Kill 4 Players Defense
Defense Defense Time % Phy DF OF
1 Oliver Ekman-Larsson Nate Schmidt 50 1 2 2
2 Dylan Samberg Olli Maatta 50 1 2 2
Penalty Kill - 3 Players Forward
Forward Time % Phy DF OF
1 Connor McDavid 50 1 2 2
2 Connor Bedard 50 1 2 2
Penalty Kill - 3 Players Defense
Defense Defense Time % Phy DF OF
1 Oliver Ekman-Larsson Nate Schmidt 50 1 2 2
2 Dylan Samberg Olli Maatta 50 1 2 2
4 vs 4 Forward
Center Wing Time % Phy DF OF
1 Connor McDavid Connor Bedard 50 1 2 2
2 Alexis Lafreniere Adam Lowry 50 1 2 2
4 vs 4 Defense
Defense Defense Time % Phy DF OF
1 Oliver Ekman-Larsson Nate Schmidt 50 1 2 2
2 Dylan Samberg Olli Maatta 50 1 2 2
Last Minutes Offensive
Center Left Wing Right Wing Defense Defense
Connor McDavid Alexis Lafreniere Vladislav Namestnikov Oliver Ekman-Larsson Nate Schmidt
Last Minutes Defensive
Center Left Wing Right Wing Defense Defense
Connor McDavid Alexis Lafreniere Vladislav Namestnikov Oliver Ekman-Larsson Nate Schmidt
Goaltenders
Starting : Ukko-Pekka Luukkonen
Backup : Yaroslav Askarov
Extra Forwards
Normal : Connor McDavid, Barclay Goodrow, Jason Zucker - PP : Connor McDavid, Barclay Goodrow - PK : Jason Zucker
Extra Defensemen
Normal : Haydn Fleury, Michael Kesselring, Dylan Samberg - PP : Haydn Fleury - PK : Michael Kesselring, Dylan Samberg
Penalty Shots
Connor McDavid, Connor Bedard, Alexis Lafreniere, Adam Lowry, Vladislav Namestnikov
Scratches
Sam Steel (Healthy), Brayden Pachal (Healthy), Martin Jones (Healthy)
% Time on Ice - Vegas Golden Knights
Lines # - Real PCT - Wanted PCT - Time Play
Normal Forward
1 - 30% - 30% - 15:19
2 - 29% - 30% - 15:13
3 - 23% - 25% - 12:09
4 - 18% - 15% - 9:07
Normal Defense
1 - 29% - 30% - 14:55
2 - 30% - 30% - 15:39
3 - 29% - 25% - 14:48
4 - 12% - 15% - 6:26
PP Forward
1 - 53% - 50% - 1:03
2 - 47% - 50% - 0:56
PP Defense
1 - 43% - 50% - 0:51
2 - 57% - 50% - 1:08
PK Forward
1 - 54% - 50% - 3:20
2 - 46% - 50% - 2:53
PK Defense
1 - 51% - 50% - 3:10
2 - 49% - 50% - 3:03
PK3 Forward
1 - 0% - 50%
2 - 0% - 50%
PK3 Defense
1 - 0% - 50%
2 - 0% - 50%
44 Forward
1 - 0% - 50%
2 - 0% - 50%
44 Defense
1 - 0% - 50%
2 - 0% - 50%
Last Minute Offensive - 0:00
Last Minute Defensive - 0:00
Total
Forward - 60:00
Defense - 60:00
|
% Time on Ice - Winnipeg Jets
Lines # - Real PCT - Wanted PCT - Time Play
Normal Forward
1 - 29% - 30% - 14:47
2 - 29% - 30% - 14:49
3 - 25% - 25% - 12:43
4 - 18% - 15% - 9:29
Normal Defense
1 - 35% - 35% - 18:05
2 - 35% - 35% - 18:01
3 - 30% - 30% - 15:42
4 - 0% - 0% - 0:00
PP Forward
1 - 48% - 50% - 2:58
2 - 52% - 50% - 3:15
PP Defense
1 - 47% - 50% - 2:54
2 - 53% - 50% - 3:19
PK Forward
1 - 39% - 50% - 0:47
2 - 61% - 50% - 1:12
PK Defense
1 - 48% - 50% - 0:57
2 - 52% - 50% - 1:02
PK3 Forward
1 - 0% - 50%
2 - 0% - 50%
PK3 Defense
1 - 0% - 50%
2 - 0% - 50%
44 Forward
1 - 0% - 50%
2 - 0% - 50%
44 Defense
1 - 0% - 50%
2 - 0% - 50%
Last Minute Offensive - 0:00
Last Minute Defensive - 0:00
Total
Forward - 60:00
Defense - 60:00
|
Play-by-Play
1st period
0:01 of 1st period - Connor McDavid wins face-off versus Auston Matthews in neutral zone.
0:10 of 1st period - Reilly Smith is hit by Nate Schmidt and loses puck.
0:54 of 1st period - Sean Couturier is hit by Adam Lowry and loses puck.
3:36 of 1st period - Wrist shot by Jason Zucker.
3:36 of 1st period - Stopped by Semyon Varlamov without a rebound.
3:37 of 1st period - Connor Bedard wins face-off versus Sean Couturier in Vegas Golden Knights zone.
3:46 of 1st period - Backhand shot by Jordan Staal.
3:46 of 1st period - Deflect By Denis Gurianov.
3:46 of 1st period - Stopped by Ukko-Pekka Luukkonen without a rebound.
3:47 of 1st period - Sean Monahan wins face-off versus Vladislav Namestnikov in Winnipeg Jets zone.
4:00 of 1st period - Snap shot by Tyler Toffoli.
4:00 of 1st period - Shot Misses the Net.
4:36 of 1st period - Wrist shot by Jason Zucker.
4:36 of 1st period - Deflect By Denis Gurianov.
4:36 of 1st period - Goal by Jason Zucker - Vegas Golden Knights : 0 - Winnipeg Jets : 1.
4:37 of 1st period - Pierre-edouard Bellemare wins face-off versus Adam Lowry in neutral zone.
4:52 of 1st period - Snap shot by Roman Josi.
4:52 of 1st period - Shot Blocked by Haydn Fleury.
5:04 of 1st period - Alexis Lafreniere is hit by Shea Theodore and loses puck.
5:32 of 1st period - Snap shot by Bryan Rust.
5:32 of 1st period - Stopped by Ukko-Pekka Luukkonen without a rebound.
5:33 of 1st period - Ridly Greig wins face-off versus Sean Couturier in Winnipeg Jets zone.
6:28 of 1st period - Snap shot by Alexis Lafreniere.
6:28 of 1st period - Stopped by Semyon Varlamov without a rebound.
6:29 of 1st period - Connor Bedard wins face-off versus Auston Matthews in Vegas Golden Knights zone.
6:44 of 1st period - Wrist shot by Bryan Rust.
6:44 of 1st period - Stopped by Ukko-Pekka Luukkonen without a rebound.
6:45 of 1st period - Sean Couturier wins face-off versus Adam Lowry in Winnipeg Jets zone.
6:46 of 1st period - Slapshot by Roman Josi.
6:46 of 1st period - Deflect By Adam Lowry.
6:46 of 1st period - Stopped by Ukko-Pekka Luukkonen without a rebound.
6:47 of 1st period - Sean Couturier wins face-off versus Adam Lowry in Winnipeg Jets zone.
7:40 of 1st period - Wrist shot by Bryan Rust.
7:40 of 1st period - Deflect By Dylan Samberg.
7:40 of 1st period - Shot Misses the Net.
7:40 of 1st period - Puck is out of play.
7:41 of 1st period - Auston Matthews wins face-off versus Adam Lowry in Winnipeg Jets zone.
8:46 of 1st period - Pierre-edouard Bellemare is hit by Andre Burakovsky and loses puck.
9:15 of 1st period - Slapshot by Auston Matthews.
9:15 of 1st period - Deflect By Bryan Rust.
9:15 of 1st period - Stopped by Ukko-Pekka Luukkonen with a rebound.
9:17 of 1st period - Wrist shot by Reilly Smith.
9:17 of 1st period - Deflect By Oliver Ekman-Larsson.
9:17 of 1st period - Stopped by Ukko-Pekka Luukkonen with a rebound.
9:27 of 1st period - Snap shot by Sean Monahan.
9:27 of 1st period - Shot Misses the Net.
9:29 of 1st period - Snap shot by Sean Monahan.
9:29 of 1st period - Shot Misses the Net.
9:51 of 1st period - Wrist shot by Alexis Lafreniere.
9:51 of 1st period - Stopped by Semyon Varlamov with a rebound.
10:15 of 1st period - Snap shot by Auston Matthews.
10:15 of 1st period - Goal by Auston Matthews - Vegas Golden Knights : 1 - Winnipeg Jets : 1.
10:16 of 1st period - Sean Monahan wins face-off versus Connor Bedard in neutral zone.
10:19 of 1st period - Wrist shot by Sean Monahan.
10:19 of 1st period - Shot Misses the Net.
10:29 of 1st period - Snap shot by Joel Armia.
10:29 of 1st period - Shot Misses the Net.
10:50 of 1st period - Snap shot by Alexis Lafreniere.
10:50 of 1st period - Shot Misses the Net.
10:52 of 1st period - Slapshot by Dylan Samberg.
10:52 of 1st period - Shot Blocked by John Marino.
11:31 of 1st period - Sean Monahan is hit by Haydn Fleury and loses puck.
11:46 of 1st period - Johnny Gaudreau is hit by Mason Appleton and loses puck.
12:05 of 1st period - Snap shot by Sean Monahan.
12:05 of 1st period - Stopped by Ukko-Pekka Luukkonen without a rebound.
12:06 of 1st period - Pierre-edouard Bellemare wins face-off versus Connor McDavid in Winnipeg Jets zone.
12:07 of 1st period - Wrist shot by Cole Smith.
12:07 of 1st period - Shot Blocked by Dylan Samberg.
12:09 of 1st period - Wrist shot by Matt Nieto.
12:09 of 1st period - Shot Blocked by Dylan Samberg.
12:31 of 1st period - Dylan Samberg is hit by Denis Gurianov.
12:38 of 1st period - Icing by Dylan Samberg.
12:39 of 1st period - Auston Matthews wins face-off versus Vladislav Namestnikov in Winnipeg Jets zone.
13:10 of 1st period - Wrist shot by Jason Zucker.
13:10 of 1st period - Shot Blocked by Cole Smith.
13:12 of 1st period - Slapshot by Olli Maatta.
13:12 of 1st period - Stopped by Semyon Varlamov without a rebound.
13:13 of 1st period - Sean Couturier wins face-off versus Adam Lowry in Vegas Golden Knights zone.
13:18 of 1st period - Snap shot by Jordan Staal.
13:18 of 1st period - Stopped by Ukko-Pekka Luukkonen with a rebound.
13:20 of 1st period - Slapshot by John Marino.
13:20 of 1st period - Stopped by Ukko-Pekka Luukkonen without a rebound.
13:21 of 1st period - Sean Couturier wins face-off versus Adam Lowry in Winnipeg Jets zone.
13:28 of 1st period - Snap shot by Sean Couturier.
13:28 of 1st period - Shot Misses the Net.
13:30 of 1st period - Snap shot by Sean Couturier.
13:30 of 1st period - Shot Blocked by Barclay Goodrow.
13:32 of 1st period - Snap shot by Denis Gurianov.
13:32 of 1st period - Stopped by Ukko-Pekka Luukkonen without a rebound.
13:33 of 1st period - Auston Matthews wins face-off versus Connor Bedard in Winnipeg Jets zone.
13:34 of 1st period - Slapshot by Reilly Smith.
13:34 of 1st period - Deflect By Auston Matthews.
13:34 of 1st period - Shot Misses the Net.
13:34 of 1st period - Puck is out of play.
13:35 of 1st period - Auston Matthews wins face-off versus Connor Bedard in Winnipeg Jets zone.
13:36 of 1st period - Slapshot by Bryan Rust.
13:36 of 1st period - Stopped by Ukko-Pekka Luukkonen with a rebound.
13:46 of 1st period - Wrist shot by Joel Armia.
13:46 of 1st period - Shot Misses the Net.
13:48 of 1st period - Slapshot by Nate Schmidt.
13:48 of 1st period - Shot Misses the Net.
13:50 of 1st period - Snap shot by Joel Armia.
13:50 of 1st period - Shot Blocked by Roman Josi.
14:05 of 1st period - Slapshot by Connor McDavid.
14:05 of 1st period - Stopped by Semyon Varlamov without a rebound.
14:06 of 1st period - Sean Monahan wins face-off versus Connor McDavid in Vegas Golden Knights zone.
15:36 of 1st period - Ryan Graves is hit by Oliver Ekman-Larsson.
16:59 of 1st period - Snap shot by Roman Josi.
16:59 of 1st period - Shot Misses the Net.
17:01 of 1st period - Wrist shot by Pierre-edouard Bellemare.
17:01 of 1st period - Shot Blocked by Michael Kesselring.
17:03 of 1st period - Slapshot by Roman Josi.
17:03 of 1st period - Shot Blocked by Ridly Greig.
17:28 of 1st period - Dylan Samberg is hit by Shea Theodore and loses puck.
18:36 of 1st period - Backhand shot by Andre Burakovsky.
18:36 of 1st period - Shot Misses the Net.
18:38 of 1st period - Slapshot by Ridly Greig.
18:38 of 1st period - Deflect By Andre Burakovsky.
18:38 of 1st period - Stopped by Semyon Varlamov with a rebound.
18:40 of 1st period - Wrist shot by Andre Burakovsky.
18:40 of 1st period - Shot Misses the Net.
18:42 of 1st period - Slapshot by Olli Maatta.
18:42 of 1st period - Stopped by Semyon Varlamov with a rebound.
18:44 of 1st period - Slapshot by Olli Maatta.
18:44 of 1st period - Shot Blocked by Roman Josi.
18:46 of 1st period - Slapshot by Ridly Greig.
18:46 of 1st period - Stopped by Semyon Varlamov without a rebound.
18:47 of 1st period - Sean Monahan wins face-off versus Connor Bedard in Vegas Golden Knights zone.
18:54 of 1st period - Connor Bedard is hit by Tyler Toffoli and loses puck.
19:13 of 1st period - Nate Schmidt is hit by Bryan Rust.
19:17 of 1st period - Wrist shot by Reilly Smith.
19:17 of 1st period - Shot Blocked by Adam Lowry.
19:19 of 1st period - Snap shot by John Marino.
19:19 of 1st period - Stopped by Ukko-Pekka Luukkonen without a rebound.
19:20 of 1st period - Auston Matthews wins face-off versus Alexis Lafreniere in Winnipeg Jets zone.
19:21 of 1st period - Snap shot by Bryan Rust.
19:21 of 1st period - Shot Misses the Net.
19:54 of 1st period - Wrist shot by Auston Matthews.
19:54 of 1st period - Goal by Auston Matthews - Vegas Golden Knights : 2 - Winnipeg Jets : 1.
19:55 of 1st period - Sean Monahan wins face-off versus Mason Appleton in neutral zone.
Goals for this period are 2 for Vegas Golden Knights vs 1 for Winnipeg Jets.
Shots for this period are 14 for Vegas Golden Knights vs 9 for Winnipeg Jets.
2nd period
0:01 of 2nd period - Sean Monahan wins face-off versus Connor Bedard in neutral zone.
0:33 of 2nd period - Icing by Connor McDavid.
0:34 of 2nd period - Sean Couturier wins face-off versus Connor McDavid in Winnipeg Jets zone.
0:55 of 2nd period - Minor Penalty to Thomas Chabot for Delaying the game.
0:56 of 2nd period - Jordan Staal wins face-off versus Connor McDavid in Vegas Golden Knights zone.
1:14 of 2nd period - Slapshot by Shea Theodore.
1:14 of 2nd period - Stopped by Ukko-Pekka Luukkonen without a rebound.
1:15 of 2nd period - Connor Bedard wins face-off versus Jordan Staal in Winnipeg Jets zone.
2:55 of 2nd period - Penalty to Thomas Chabot is over, Thomas Chabot is back on ice.
4:32 of 2nd period - Icing by Marc-Edouard Vlasic.
4:33 of 2nd period - Auston Matthews wins face-off versus Connor Bedard in Vegas Golden Knights zone.
5:02 of 2nd period - Snap shot by Connor McDavid.
5:02 of 2nd period - Stopped by Semyon Varlamov without a rebound.
5:03 of 2nd period - Adam Lowry wins face-off versus Sean Monahan in Vegas Golden Knights zone.
5:04 of 2nd period - Snap shot by Jason Zucker.
5:04 of 2nd period - Stopped by Semyon Varlamov with a rebound.
5:06 of 2nd period - Slapshot by Nate Schmidt.
5:06 of 2nd period - Stopped by Semyon Varlamov with a rebound.
5:08 of 2nd period - Backhand shot by Barclay Goodrow.
5:08 of 2nd period - Goal by Barclay Goodrow - Vegas Golden Knights : 2 - Winnipeg Jets : 2.
5:09 of 2nd period - Sean Monahan wins face-off versus Connor Bedard in neutral zone.
5:20 of 2nd period - Snap shot by Mason Appleton.
5:20 of 2nd period - Stopped by Semyon Varlamov without a rebound.
5:21 of 2nd period - Sean Couturier wins face-off versus Connor Bedard in Vegas Golden Knights zone.
5:55 of 2nd period - Snap shot by Alexis Lafreniere.
5:55 of 2nd period - Stopped by Semyon Varlamov without a rebound.
5:56 of 2nd period - Sean Monahan wins face-off versus Adam Lowry in Vegas Golden Knights zone.
5:56 of 2nd period - Sean Monahan is hit by Adam Lowry.
6:40 of 2nd period - Wrist shot by Auston Matthews.
6:40 of 2nd period - Shot Blocked by Alexis Lafreniere.
8:23 of 2nd period - Slapshot by Roman Josi.
8:23 of 2nd period - Stopped by Ukko-Pekka Luukkonen without a rebound.
8:24 of 2nd period - Auston Matthews wins face-off versus Adam Lowry in Winnipeg Jets zone.
8:35 of 2nd period - Barclay Goodrow is hit by Auston Matthews and loses puck.
8:50 of 2nd period - Johnny Gaudreau is hit by Nate Schmidt.
8:54 of 2nd period - Connor Bedard is hit by Tyler Toffoli and loses puck.
9:06 of 2nd period - Sean Monahan is hit by Connor Bedard and loses puck.
9:17 of 2nd period - Connor McDavid is hit by Sean Couturier and loses puck.
9:48 of 2nd period - Ridly Greig is hit by Bryan Rust and loses puck.
10:05 of 2nd period - Pierre-edouard Bellemare is hit by Adam Lowry and loses puck.
10:24 of 2nd period - Backhand shot by Thomas Chabot.
10:24 of 2nd period - Stopped by Ukko-Pekka Luukkonen with a rebound.
11:04 of 2nd period - Snap shot by Bryan Rust.
11:04 of 2nd period - Stopped by Ukko-Pekka Luukkonen with a rebound.
11:06 of 2nd period - Slapshot by Thomas Chabot.
11:06 of 2nd period - Shot Blocked by Oliver Ekman-Larsson.
11:08 of 2nd period - Slapshot by John Marino.
11:08 of 2nd period - Stopped by Ukko-Pekka Luukkonen with a rebound.
11:10 of 2nd period - Wrist shot by Thomas Chabot.
11:10 of 2nd period - Stopped by Ukko-Pekka Luukkonen with a rebound.
11:12 of 2nd period - Wrist shot by Bryan Rust.
11:12 of 2nd period - Stopped by Ukko-Pekka Luukkonen with a rebound.
11:14 of 2nd period - Slapshot by Thomas Chabot.
11:14 of 2nd period - Shot Misses the Net.
11:16 of 2nd period - Slapshot by John Marino.
11:16 of 2nd period - Shot Blocked by Jason Zucker.
12:35 of 2nd period - Icing by Bryan Rust.
12:36 of 2nd period - Auston Matthews wins face-off versus Vladislav Namestnikov in Vegas Golden Knights zone.
12:59 of 2nd period - Snap shot by Auston Matthews.
12:59 of 2nd period - Shot Misses the Net.
13:07 of 2nd period - Snap shot by Auston Matthews.
13:07 of 2nd period - Shot Blocked by Michael Kesselring.
13:20 of 2nd period - Off-side.
13:21 of 2nd period - Connor Bedard wins face-off versus Sean Monahan in neutral zone.
13:49 of 2nd period - Snap shot by Andre Burakovsky.
13:49 of 2nd period - Stopped by Semyon Varlamov without a rebound.
13:50 of 2nd period - Jordan Staal wins face-off versus Andre Burakovsky in Vegas Golden Knights zone.
14:03 of 2nd period - Snap shot by Sean Couturier.
14:03 of 2nd period - Stopped by Ukko-Pekka Luukkonen with a rebound.
14:16 of 2nd period - Jordan Staal is hit by Ridly Greig and loses puck.
14:45 of 2nd period - Marc-Edouard Vlasic is hit by Ridly Greig and loses puck.
15:00 of 2nd period - Wrist shot by Ridly Greig.
15:00 of 2nd period - Stopped by Semyon Varlamov without a rebound.
15:01 of 2nd period - Sean Monahan wins face-off versus Connor Bedard in Vegas Golden Knights zone.
15:01 of 2nd period - Sean Monahan is hit by Nate Schmidt.
16:27 of 2nd period - Wrist shot by Connor McDavid.
16:27 of 2nd period - Stopped by Semyon Varlamov without a rebound.
16:28 of 2nd period - Adam Lowry wins face-off versus Pierre-edouard Bellemare in Vegas Golden Knights zone.
16:29 of 2nd period - Slapshot by Jason Zucker.
16:29 of 2nd period - Shot Blocked by Marc-Edouard Vlasic.
17:20 of 2nd period - Wrist shot by Auston Matthews.
17:20 of 2nd period - Shot Blocked by Dylan Samberg.
17:22 of 2nd period - Snap shot by Auston Matthews.
17:22 of 2nd period - Deflect By Reilly Smith.
17:22 of 2nd period - Deflect By Taylor Hall.
17:22 of 2nd period - Shot Misses the Net.
17:22 of 2nd period - Puck is out of play.
17:23 of 2nd period - Auston Matthews wins face-off versus Adam Lowry in Winnipeg Jets zone.
18:31 of 2nd period - Snap shot by Matt Nieto.
18:31 of 2nd period - Stopped by Ukko-Pekka Luukkonen without a rebound.
18:32 of 2nd period - Pierre-edouard Bellemare wins face-off versus Adam Lowry in Winnipeg Jets zone.
18:36 of 2nd period - Minor Penalty to Barclay Goodrow for Tripping.
18:37 of 2nd period - Auston Matthews wins face-off versus Connor McDavid in Winnipeg Jets zone.
18:39 of 2nd period - Slapshot by Auston Matthews.
18:39 of 2nd period - Stopped by Ukko-Pekka Luukkonen without a rebound.
18:40 of 2nd period - Connor McDavid wins face-off versus Auston Matthews in Winnipeg Jets zone.
Goals for this period are 0 for Vegas Golden Knights vs 1 for Winnipeg Jets.
Shots for this period are 10 for Vegas Golden Knights vs 9 for Winnipeg Jets.
3rd period
0:01 of 3rd period - Sean Monahan wins face-off versus Alexis Lafreniere in neutral zone.
0:36 of 3rd period - Penalty to Barclay Goodrow is over, Barclay Goodrow is back on ice.
0:41 of 3rd period - Slapshot by Alexis Lafreniere.
0:41 of 3rd period - Stopped by Semyon Varlamov with a rebound.
0:43 of 3rd period - Snap shot by Barclay Goodrow.
0:43 of 3rd period - Stopped by Semyon Varlamov with a rebound.
0:45 of 3rd period - Snap shot by Barclay Goodrow.
0:45 of 3rd period - Goal by Barclay Goodrow - Vegas Golden Knights : 2 - Winnipeg Jets : 3.
0:46 of 3rd period - Connor Bedard wins face-off versus Sean Monahan in neutral zone.
0:51 of 3rd period - Wrist shot by Connor Bedard.
0:51 of 3rd period - Shot Hit the Post.
0:53 of 3rd period - Snap shot by Mason Appleton.
0:53 of 3rd period - Stopped by Semyon Varlamov with a rebound.
0:55 of 3rd period - Slapshot by Dylan Samberg.
0:55 of 3rd period - Deflect By Sean Monahan.
0:55 of 3rd period - Stopped by Semyon Varlamov without a rebound.
0:56 of 3rd period - Sean Monahan wins face-off versus Connor Bedard in Vegas Golden Knights zone.
1:05 of 3rd period - Mason Appleton is hit by Sean Monahan and loses puck.
1:36 of 3rd period - Snap shot by Connor Bedard.
1:36 of 3rd period - Shot Blocked by Johnny Gaudreau.
2:00 of 3rd period - Wrist shot by Tyler Toffoli.
2:00 of 3rd period - Shot Misses the Net.
2:27 of 3rd period - Wrist shot by Mason Appleton.
2:27 of 3rd period - Stopped by Semyon Varlamov without a rebound.
2:28 of 3rd period - Connor McDavid wins face-off versus Auston Matthews in Vegas Golden Knights zone.
2:45 of 3rd period - Alexis Lafreniere is hit by Bryan Rust.
3:07 of 3rd period - Icing by Jason Zucker.
3:08 of 3rd period - Adam Lowry wins face-off versus Pierre-edouard Bellemare in Winnipeg Jets zone.
3:08 of 3rd period - Adam Lowry is hit by Cole Smith.
3:22 of 3rd period - Slapshot by Thomas Chabot.
3:22 of 3rd period - Stopped by Ukko-Pekka Luukkonen with a rebound.
3:51 of 3rd period - Denis Gurianov is hit by Haydn Fleury.
4:04 of 3rd period - Snap shot by Jason Zucker.
4:04 of 3rd period - Shot Misses the Net.
4:06 of 3rd period - Wrist shot by Adam Lowry.
4:06 of 3rd period - Deflect By Jason Zucker.
4:06 of 3rd period - Shot Misses the Net.
4:06 of 3rd period - Puck is out of play.
4:07 of 3rd period - Connor McDavid wins face-off versus Auston Matthews in Vegas Golden Knights zone.
4:10 of 3rd period - Snap shot by Alexis Lafreniere.
4:10 of 3rd period - Deflect By Roman Josi.
4:10 of 3rd period - Stopped by Semyon Varlamov without a rebound.
4:11 of 3rd period - Auston Matthews wins face-off versus Vladislav Namestnikov in Vegas Golden Knights zone.
4:16 of 3rd period - Wrist shot by Bryan Rust.
4:16 of 3rd period - Shot Blocked by Vladislav Namestnikov.
4:24 of 3rd period - Slapshot by Olli Maatta.
4:24 of 3rd period - Deflect By Connor McDavid.
4:24 of 3rd period - Stopped by Semyon Varlamov without a rebound.
4:25 of 3rd period - Sean Couturier wins face-off versus Connor McDavid in Vegas Golden Knights zone.
4:25 of 3rd period - Sean Couturier is hit by Connor McDavid.
4:52 of 3rd period - Minor Penalty to Bryan Rust for Tripping.
4:53 of 3rd period - Pierre-edouard Bellemare wins face-off versus Connor Bedard in Vegas Golden Knights zone.
5:08 of 3rd period - Slapshot by Nate Schmidt.
5:08 of 3rd period - Goal by Nate Schmidt - Vegas Golden Knights : 2 - Winnipeg Jets : 4.
5:09 of 3rd period - Auston Matthews wins face-off versus Connor McDavid in neutral zone.
5:18 of 3rd period - Snap shot by Auston Matthews.
5:18 of 3rd period - Stopped by Ukko-Pekka Luukkonen with a rebound.
5:41 of 3rd period - Slapshot by Jason Zucker.
5:41 of 3rd period - Deflect By Adam Lowry.
5:41 of 3rd period - Stopped by Semyon Varlamov with a rebound.
5:43 of 3rd period - Snap shot by Adam Lowry.
5:43 of 3rd period - Deflect By Barclay Goodrow.
5:43 of 3rd period - Stopped by Semyon Varlamov without a rebound.
5:44 of 3rd period - Sean Monahan wins face-off versus Connor Bedard in Vegas Golden Knights zone.
5:49 of 3rd period - Joel Armia is hit by Tyler Toffoli and loses puck.
5:58 of 3rd period - Tyler Toffoli is hit by Connor Bedard and loses puck.
6:09 of 3rd period - Vladislav Namestnikov is hit by Bryan Rust and loses puck.
6:52 of 3rd period - Slapshot by Andre Burakovsky.
6:52 of 3rd period - Stopped by Semyon Varlamov with a rebound.
6:56 of 3rd period - Backhand shot by Andre Burakovsky.
6:56 of 3rd period - Winnipeg Jets goal is going for a video replay.
6:56 of 3rd period - The goal is refused. The puck has been kicked using a distinct kicking motion..
6:57 of 3rd period - Pierre-edouard Bellemare wins face-off versus Connor McDavid in Vegas Golden Knights zone.
7:14 of 3rd period - Slapshot by Matt Nieto.
7:14 of 3rd period - Deflect By Pierre-edouard Bellemare.
7:14 of 3rd period - Shot Misses the Net.
7:14 of 3rd period - Puck is out of play.
7:15 of 3rd period - Auston Matthews wins face-off versus Connor Bedard in Winnipeg Jets zone.
7:28 of 3rd period - Snap shot by Bryan Rust.
7:28 of 3rd period - Deflect By Reilly Smith.
7:28 of 3rd period - Stopped by Ukko-Pekka Luukkonen with a rebound.
7:30 of 3rd period - Snap shot by Shea Theodore.
7:30 of 3rd period - Shot Blocked by Nate Schmidt.
7:32 of 3rd period - Snap shot by Bryan Rust.
7:32 of 3rd period - Shot Misses the Net.
7:54 of 3rd period - Snap shot by Jordan Staal.
7:54 of 3rd period - Stopped by Ukko-Pekka Luukkonen with a rebound.
8:59 of 3rd period - Minor Penalty to Marc-Edouard Vlasic for Hooking.
9:00 of 3rd period - Connor Bedard wins face-off versus Pierre-edouard Bellemare in Vegas Golden Knights zone.
9:25 of 3rd period - Dylan Samberg is hit by Thomas Chabot and loses puck.
10:42 of 3rd period - Pierre-edouard Bellemare is hit by Mason Appleton and loses puck.
10:59 of 3rd period - Penalty to Marc-Edouard Vlasic is over, Marc-Edouard Vlasic is back on ice.
11:27 of 3rd period - Bryan Rust is hit by Haydn Fleury and loses puck.
11:48 of 3rd period - Sean Couturier is hit by Adam Lowry.
12:03 of 3rd period - Off-side.
12:04 of 3rd period - Connor McDavid wins face-off versus Pierre-edouard Bellemare in neutral zone.
12:29 of 3rd period - Roman Josi is hit by Michael Kesselring.
12:37 of 3rd period - Snap shot by Tyler Toffoli.
12:37 of 3rd period - Shot Misses the Net.
12:39 of 3rd period - Wrist shot by Sean Monahan.
12:39 of 3rd period - Shot Hit the Post.
12:49 of 3rd period - Jason Zucker is hit by Sean Couturier and loses puck.
14:21 of 3rd period - Snap shot by Mason Appleton.
14:21 of 3rd period - Stopped by Semyon Varlamov without a rebound.
14:22 of 3rd period - Auston Matthews wins face-off versus Connor Bedard in Vegas Golden Knights zone.
14:38 of 3rd period - Wrist shot by Connor Bedard.
14:38 of 3rd period - Goal by Connor Bedard - Vegas Golden Knights : 2 - Winnipeg Jets : 5.
14:39 of 3rd period - Connor McDavid wins face-off versus Sean Couturier in neutral zone.
14:51 of 3rd period - Minor Penalty to Denis Gurianov for Tripping.
14:52 of 3rd period - Pierre-edouard Bellemare wins face-off versus Connor McDavid in Vegas Golden Knights zone.
15:00 of 3rd period - Matt Nieto is hit by Vladislav Namestnikov.
16:11 of 3rd period - Pierre-edouard Bellemare is hit by Vladislav Namestnikov and loses puck.
16:51 of 3rd period - Penalty to Denis Gurianov is over, Denis Gurianov is back on ice.
17:29 of 3rd period - Wrist shot by Andre Burakovsky.
17:29 of 3rd period - Shot Misses the Net.
17:31 of 3rd period - Wrist shot by Taylor Hall.
17:31 of 3rd period - Stopped by Semyon Varlamov with a rebound.
17:33 of 3rd period - Backhand shot by Ridly Greig.
17:33 of 3rd period - Stopped by Semyon Varlamov with a rebound.
17:54 of 3rd period - Icing by Sean Couturier.
17:55 of 3rd period - Adam Lowry wins face-off versus Denis Gurianov in Vegas Golden Knights zone.
18:05 of 3rd period - Snap shot by Denis Gurianov.
18:05 of 3rd period - Stopped by Ukko-Pekka Luukkonen without a rebound.
18:06 of 3rd period - Connor Bedard wins face-off versus Sean Monahan in Winnipeg Jets zone.
18:11 of 3rd period - Slapshot by Olli Maatta.
18:11 of 3rd period - Stopped by Semyon Varlamov with a rebound.
18:21 of 3rd period - Wrist shot by Sean Monahan.
18:21 of 3rd period - Stopped by Ukko-Pekka Luukkonen without a rebound.
18:22 of 3rd period - Connor McDavid wins face-off versus Reilly Smith in Winnipeg Jets zone.
18:26 of 3rd period - Icing by Dylan Samberg.
18:27 of 3rd period - Auston Matthews wins face-off versus Connor McDavid in Winnipeg Jets zone.
18:57 of 3rd period - Slapshot by Jason Zucker.
18:57 of 3rd period - Shot Misses the Net.
19:01 of 3rd period - Snap shot by Adam Lowry.
19:01 of 3rd period - Stopped by Semyon Varlamov without a rebound.
19:02 of 3rd period - Connor Bedard wins face-off versus Sean Couturier in Vegas Golden Knights zone.
19:29 of 3rd period - Shea Theodore is hit by Connor McDavid and loses puck.
19:50 of 3rd period - Wrist shot by Shea Theodore.
19:50 of 3rd period - Deflect By Matt Nieto.
19:50 of 3rd period - Shot Blocked by Dylan Samberg.
19:50 of 3rd period - Puck is out of play.
19:51 of 3rd period - Adam Lowry wins face-off versus Pierre-edouard Bellemare in Winnipeg Jets zone.
Goals for this period are 0 for Vegas Golden Knights vs 3 for Winnipeg Jets.
Shots for this period are 6 for Vegas Golden Knights vs 19 for Winnipeg Jets.
Back to the Top